Flyers vs Blue Jackets
Created - February 26, 2018 at 23:08
Goals
|
| Flyers |
0 |
3 |
3 |
6 |
| Blue Jackets |
0 |
4 |
0 |
4 |
|
Shots
|
| Flyers |
18 |
13 |
16 |
47 |
| Blue Jackets |
4 |
12 |
8 |
24 |
|
1st period
No Goal
Penalties :
Mike Brown (Clb) for Interference (Minor) at 18:19
2nd period
1. Blue Jackets , Peter Mueller 16 (Mike York 21, Martin Havlat 31) at 3:12
2. Blue Jackets , Martin Havlat 28 (Pavel Datsyuk 45) at 4:45
3. Blue Jackets , Martin Havlat 29 (Pavel Datsyuk 46) at 7:47 (PP)
4. Blue Jackets , Mike Lundin 6 (Martin Havlat 32) at 8:03
5. Flyers , Kyle Wellwood 15 (Jakub Voracek 35, Dany Heatley 19) at 10:44
6. Flyers , J.T. Miller 10 (Jeff Carter 45, Wayne Simmonds 18) at 14:42 (PP)
7. Flyers , Dany Heatley 15 (Oliver Ekman-Larsson 13, Stephane Robidas 12) at 19:56
Penalties :
Peter Worrell (Clb) for Hooking (Minor) at 0:41, Wayne Simmonds (Phi) for Cross-checking (Minor) at 4:48, Matthew Lombardi (Phi) for Hooking (Minor) at 7:44, Martin Havlat (Clb) for Roughing (Minor) at 14:29, Pavel Datsyuk (Clb) for Tripping (Minor) at 15:47
3rd period
8. Flyers , Jakub Voracek 25 (Dany Heatley 20, Stephane Robidas 13) at 11:39
9. Flyers , Jeff Carter 36 (Jeff Woywitka 25, Wayne Simmonds 19) at 13:55 (PP)
10. Flyers , J.T. Miller 11 (Jeff Carter 46, Wayne Simmonds 20) at 15:00
Penalties :
Mike Lundin (Clb) for Tripping (Minor) at 0:03, David Booth (Clb) for High sticking (Minor) at 0:13, Mike Brown (Clb) for Boarding (Minor) at 13:38, Marcus Kruger (Phi) for Tripping (Minor) at 15:43, Jonathan Ericsson (Phi) for Interference (Minor) at 19:30
Goalie Stats
Cory Schneider (Phi), 14 saves from 14 shots - (1.000), W, 12-11-6, 31:57 minutes
Steve Mason (Phi), 6 saves from 10 shots - (0.600), 28:03 minutes
Rick DiPietro (Clb), 41 saves from 47 shots - (0.872), L, 22-23-2, 60:00 minutes
Players Stats for Flyers
Player Name G A P +/- PIM S H SB GA TA FO MP PP MP PK MP
------------------------------------------------------------------------------------
Alexei Morozov 0 0 0 -1 0 1 0 0 1 0 0/0 6:11 0:00 0:00
Dany Heatley 1 2 3 3 0 7 0 0 2 0 0/0 17:26 2:53 0:19
Drew Miller 0 0 0 0 0 3 1 2 0 0 0/0 10:30 0:00 0:00
J.T. Miller 2 0 2 -1 0 5 2 1 0 0 2/4 23:03 5:43 1:21
Jakub Voracek 1 1 2 3 0 4 1 0 0 0 0/0 16:58 2:53 0:00
Jeff Carter 1 2 3 -1 0 6 3 1 0 1 21/36 22:09 5:43 0:35
Jeff Woywitka 0 1 1 1 0 2 1 0 0 2 0/0 29:26 5:53 1:42
Jonathan Ericsson 0 0 0 1 2 2 2 1 1 1 0/0 26:54 5:53 1:39
Kyle Wellwood 1 0 1 3 0 4 2 0 0 0 11/14 18:08 2:53 1:07
Marcus Kruger 0 0 0 0 2 2 0 0 1 0 1/6 11:18 0:00 0:28
Mats Zuccarello 0 0 0 0 0 2 1 0 0 0 0/0 10:30 0:00 0:00
Matt Smaby 0 0 0 -1 0 1 1 0 0 0 0/0 11:13 0:00 0:00
Matthew Lombardi 0 0 0 -1 2 0 1 0 0 0 3/9 8:30 0:00 2:20
Nathan Paetsch 0 0 0 -1 0 2 1 1 1 0 0/0 11:13 0:00 0:00
Oliver Ekman-Larsson 0 1 1 1 0 2 2 2 1 0 0/0 21:52 2:43 2:51
Rostislav Olesz 0 0 0 -1 0 1 0 0 0 0 0/0 8:34 0:00 2:23
Stephane Robidas 0 2 2 1 0 0 1 0 0 0 0/0 19:21 2:43 2:48
Wayne Simmonds 0 3 3 -1 2 3 2 0 0 0 1/3 22:10 5:43 0:27
Players Stats for Blue Jackets
Player Name G A P +/- PIM S H SB GA TA FO MP PP MP PK MP
------------------------------------------------------------------------------------
A.J Thelen 0 0 0 -1 0 0 0 0 0 0 0/0 2:43 0:06 0:20
Andreas Nodl 0 0 0 1 0 0 0 0 0 0 0/0 11:58 0:33 0:00
David Booth 0 0 0 0 2 1 4 2 0 1 2/10 26:42 2:19 4:12
François Beauchemin 0 0 0 -1 0 0 2 1 1 0 0/0 20:14 1:59 3:22
Jan Bulis 0 0 0 -2 0 1 2 0 1 0 6/16 18:12 1:53 1:25
Jeff Taffe 0 0 0 -1 0 0 0 0 0 1 0/0 8:22 0:18 1:30
Kevin Porter 0 0 0 -1 0 0 0 0 0 0 1/2 6:05 0:00 0:13
Martin Havlat 2 2 4 1 2 6 2 0 0 0 2/4 18:58 2:19 1:10
Mike Brown 0 0 0 -2 4 2 0 1 0 1 1/1 16:20 2:05 0:00
Mike Commodore 0 0 0 0 0 1 0 2 0 0 0/0 12:00 0:00 1:14
Mike Lundin 1 0 1 0 2 4 0 1 0 2 0/0 28:24 2:31 3:50
Mike York 0 1 1 1 0 1 3 0 0 0 3/3 13:00 1:02 0:28
Pavel Datsyuk 0 2 2 1 2 2 1 0 0 0 14/28 18:15 1:02 2:51
Peter Mueller 1 0 1 1 0 1 0 0 0 0 4/8 14:26 0:00 3:03
Peter Worrell 0 0 0 -2 2 2 1 0 0 0 0/0 16:58 1:53 0:26
Ryan O'Byrne 0 0 0 1 0 2 1 0 1 2 0/0 26:40 2:31 5:08
Tim Ramholt 0 0 0 0 0 0 0 2 0 0 0/0 9:57 0:00 0:00
Torey Krug 0 0 0 -1 0 1 2 0 1 0 0/0 20:14 1:59 3:22
3 Stars
1 - Dany Heatley (Phi)
2 - Martin Havlat (Clb)
3 - Jakub Voracek (Phi)
Power Play
Flyers - 2 on 7 Attempt(s) - 28.57%
Blue Jackets - 1 on 4 Attempt(s) - 25.00%
Penalty Kill
Flyers - 3 on 4 Attempt(s) - 75.00%
- Score 0 goal in Penalty Kill
Blue Jackets - 5 on 7 Attempt(s) - 71.43%
- Score 0 goal in Penalty Kill
Team Stat
Flyers - Hits : 21 - Faceoff Wins : 39 - Blocked Shots : 8 - Penalty Minutes : 8
Blue Jackets - Hits : 18 - Faceoff Wins : 33 - Blocked Shots : 9 - Penalty Minutes : 14
Official
Referees : Kozari Steve and Martell Rob
Linesman : Jay Sharrers and Brian Murphy
Game Notes
3:16 of 1st period - Flyers goal is going for a video replay. After video review, No Goal. The net was displaced accidentally.
Cory Schneider enters game at 8:03 of 2nd period
13:20 of 3rd period - Blue Jackets goal is going for a video replay. After video review, No Goal. The goalkeeper has been pushed into the net together with the puck after making a save.
Pavel Datsyuk is injured at 15:05 of 3rd period (Strained Left Knee)
Finance
Level 1 -- Attendance: 4167 (69.45%) -- Ticket Income $395,865
Level 2 -- Attendance: 3460 (69.20%) -- Ticket Income $207,600
Level 3 -- Attendance: 1780 (89.00%) -- Ticket Income $62,300
Level 4 -- Attendance: 3815 (95.38%) -- Ticket Income $95,375
Luxury Box -- Attendance: 610 (61.00%) -- Ticket Income $115,900
Game was played at the Ohio State Arena.
Total Attendance: 13832 (76.84%)
Total Ticket Income: $877,040
Other Income: $131,556
Total Income: $1,008,596
Flyers
5 vs 5 Forward
Center Left Wing Right Wing Time % Phy DF OF
1 Jeff Carter J.T. Miller Wayne Simmonds 40 1 1 3
2 Kyle Wellwood Dany Heatley Jakub Voracek 30 0 1 4
3 Marcus Kruger Drew Miller Mats Zuccarello 20 0 2 3
4 Matthew Lombardi Rostislav Olesz Alexei Morozov 10 0 3 2
5 vs 5 Defense
Defense Defense Time % Phy DF OF
1 Jonathan Ericsson Jeff Woywitka 40 0 2 3
2 Stephane Robidas Oliver Ekman-Larsson 30 0 2 3
3 Nathan Paetsch Matt Smaby 20 0 3 2
4 Oliver Ekman-Larsson Jeff Woywitka 10 0 2 3
PowerPlay Forward
Center Left Wing Right Wing Time % Phy DF OF
1 Jeff Carter J.T. Miller Wayne Simmonds 60 1 0 4
2 Kyle Wellwood Dany Heatley Jakub Voracek 40 0 0 5
PowerPlay Defense
Defense Defense Time % Phy DF OF
1 Jeff Woywitka Jonathan Ericsson 60 0 2 3
2 Stephane Robidas Oliver Ekman-Larsson 40 0 2 3
Penalty Kill 4 Players Forward
Center Wing Time % Phy DF OF
1 Matthew Lombardi Rostislav Olesz 60 0 5 0
2 Kyle Wellwood Wayne Simmonds 40 0 3 2
Penalty Kill 4 Players Defense
Defense Defense Time % Phy DF OF
1 Oliver Ekman-Larsson Stephane Robidas 60 0 5 0
2 Jeff Woywitka Jonathan Ericsson 40 0 5 0
Penalty Kill - 3 Players Forward
Forward Time % Phy DF OF
1 Matthew Lombardi 60 0 5 0
2 Kyle Wellwood 40 0 3 2
Penalty Kill - 3 Players Defense
Defense Defense Time % Phy DF OF
1 Oliver Ekman-Larsson Stephane Robidas 60 0 5 0
2 Jeff Woywitka Jonathan Ericsson 40 0 5 0
4 vs 4 Forward
Center Wing Time % Phy DF OF
1 Jeff Carter J.T. Miller 60 1 1 3
2 Kyle Wellwood Dany Heatley 40 0 1 4
4 vs 4 Defense
Defense Defense Time % Phy DF OF
1 Stephane Robidas Jonathan Ericsson 60 0 3 2
2 Jonathan Ericsson Jeff Woywitka 40 0 3 2
Last Minutes Offensive
Center Left Wing Right Wing Defense Defense
Jeff Carter Dany Heatley Jakub Voracek Jonathan Ericsson Jeff Woywitka
Last Minutes Defensive
Center Left Wing Right Wing Defense Defense
Matthew Lombardi Dany Heatley Wayne Simmonds Jonathan Ericsson Jeff Woywitka
Goaltenders
Starting : Steve Mason
Backup : Cory Schneider
Extra Forwards
Normal : Jeff Carter, Dany Heatley, Jakub Voracek - PP : Jeff Carter, Dany Heatley - PK : Matthew Lombardi
Extra Defensemen
Normal : Oliver Ekman-Larsson, Stephane Robidas, Jeff Woywitka - PP : Jeff Woywitka - PK : Oliver Ekman-Larsson, Jeff Woywitka
Penalty Shots
Jeff Carter, Kyle Wellwood, Dany Heatley, Alexei Morozov, Jakub Voracek
Scratches
None
Blue Jackets
5 vs 5 Forward
Center Left Wing Right Wing Time % Phy DF OF
1 Pavel Datsyuk David Booth Martin Havlat 40 1 2 2
2 Jan Bulis Peter Worrell Mike Brown 30 1 2 2
3 Peter Mueller Mike York Andreas Nodl 20 1 2 2
4 Kevin Porter Jeff Taffe David Booth 10 1 2 2
5 vs 5 Defense
Defense Defense Time % Phy DF OF
1 Mike Lundin Ryan O'Byrne 40 1 2 2
2 François Beauchemin Torey Krug 30 1 2 2
3 Tim Ramholt Mike Commodore 20 1 2 2
4 A.J Thelen Mike Lundin 10 1 2 2
PowerPlay Forward
Center Left Wing Right Wing Time % Phy DF OF
1 Pavel Datsyuk David Booth Martin Havlat 60 1 2 2
2 Jan Bulis Peter Worrell Mike Brown 40 1 2 2
PowerPlay Defense
Defense Defense Time % Phy DF OF
1 Mike Lundin Ryan O'Byrne 60 1 2 2
2 François Beauchemin Torey Krug 40 1 2 2
Penalty Kill 4 Players Forward
Center Wing Time % Phy DF OF
1 David Booth Pavel Datsyuk 60 1 2 2
2 Martin Havlat Peter Worrell 40 1 2 2
Penalty Kill 4 Players Defense
Defense Defense Time % Phy DF OF
1 Mike Lundin Ryan O'Byrne 60 1 2 2
2 François Beauchemin Torey Krug 40 1 2 2
Penalty Kill - 3 Players Forward
Forward Time % Phy DF OF
1 David Booth 60 1 2 2
2 Pavel Datsyuk 40 1 2 2
Penalty Kill - 3 Players Defense
Defense Defense Time % Phy DF OF
1 Mike Lundin Ryan O'Byrne 60 1 2 2
2 François Beauchemin Torey Krug 40 1 2 2
4 vs 4 Forward
Center Wing Time % Phy DF OF
1 David Booth Pavel Datsyuk 60 1 2 2
2 Martin Havlat Peter Worrell 40 1 2 2
4 vs 4 Defense
Defense Defense Time % Phy DF OF
1 Mike Lundin Ryan O'Byrne 60 1 2 2
2 François Beauchemin Torey Krug 40 1 2 2
Last Minutes Offensive
Center Left Wing Right Wing Defense Defense
Pavel Datsyuk David Booth Martin Havlat Mike Lundin Ryan O'Byrne
Last Minutes Defensive
Center Left Wing Right Wing Defense Defense
Pavel Datsyuk David Booth Martin Havlat Mike Lundin Ryan O'Byrne
Goaltenders
Starting : Rick DiPietro
Backup : Keith Kinkaid
Extra Forwards
Normal : Mike York, Andreas Nodl, Peter Mueller - PP : Mike York, Andreas Nodl - PK : Peter Mueller
Extra Defensemen
Normal : Tim Ramholt, Mike Commodore, A.J Thelen - PP : Tim Ramholt - PK : Mike Commodore, A.J Thelen
Penalty Shots
David Booth, Pavel Datsyuk, Martin Havlat, Peter Worrell, Mike York
Scratches
Antti Miettinen (Healthy), Branislav Mezei (Fractured Metatarsal (Right Foot) Injury), Dave Steckel (Healthy)
% Time on Ice - Flyers
Lines # - Real PCT - Wanted PCT - Time Play
Normal Forward
1 - 34% - 40% - 16:05
2 - 30% - 30% - 14:08
3 - 22% - 20% - 10:30
4 - 13% - 10% - 6:11
Normal Defense
1 - 41% - 40% - 19:19
2 - 30% - 30% - 13:54
3 - 24% - 20% - 11:13
4 - 5% - 10% - 2:28
PP Forward
1 - 66% - 60% - 5:43
2 - 34% - 40% - 2:53
PP Defense
1 - 68% - 60% - 5:53
2 - 32% - 40% - 2:43
PK Forward
1 - 75% - 60% - 3:23
2 - 25% - 40% - 1:07
PK Defense
1 - 62% - 60% - 2:48
2 - 38% - 40% - 1:42
PK3 Forward
1 - 0% - 60%
2 - 0% - 40%
PK3 Defense
1 - 0% - 60%
2 - 0% - 40%
44 Forward
1 - 0% - 60%
2 - 0% - 40%
44 Defense
1 - 0% - 60%
2 - 0% - 40%
Last Minute Offensive - 0:00
Last Minute Defensive - 0:00
Total
Forward - 60:00
Defense - 60:00
|
% Time on Ice - Blue Jackets
Lines # - Real PCT - Wanted PCT - Time Play
Normal Forward
1 - 33% - 40% - 15:42
2 - 32% - 30% - 14:57
3 - 22% - 20% - 10:33
4 - 12% - 10% - 5:42
Normal Defense
1 - 42% - 40% - 19:47
2 - 32% - 30% - 14:53
3 - 21% - 20% - 9:57
4 - 5% - 10% - 2:17
PP Forward
1 - 58% - 60% - 2:37
2 - 42% - 40% - 1:53
PP Defense
1 - 56% - 60% - 2:31
2 - 44% - 40% - 1:59
PK Forward
1 - 83% - 60% - 5:37
2 - 17% - 40% - 1:10
PK Defense
1 - 58% - 60% - 3:56
2 - 42% - 40% - 2:51
PK3 Forward
1 - 100% - 60% - 1:49
2 - 0% - 40% - 0:00
PK3 Defense
1 - 72% - 60% - 1:18
2 - 28% - 40% - 0:31
44 Forward
1 - 0% - 60%
2 - 0% - 40%
44 Defense
1 - 0% - 60%
2 - 0% - 40%
Last Minute Offensive - 0:00
Last Minute Defensive - 0:00
Total
Forward - 60:00
Defense - 60:00
|
Play by Play
1st period
0:01 of 1st period - Jeff Carter wins face-off versus David Booth in neutral zone.
0:04 of 1st period - Mike Lundin is hit by Wayne Simmonds and loses puck.
0:54 of 1st period - Off-side.
0:55 of 1st period - Matthew Lombardi wins face-off versus Kevin Porter in neutral zone.
1:00 of 1st period - Wrist shot by Alexei Morozov.
1:00 of 1st period - Shot Misses the Net.
1:22 of 1st period - Nathan Paetsch is hit by Mike York and loses puck.
1:44 of 1st period - Off-side.
1:45 of 1st period - Jan Bulis wins face-off versus Kyle Wellwood in neutral zone.
1:50 of 1st period - Wrist shot by Jan Bulis.
1:50 of 1st period - Stopped by Steve Mason without a rebound.
1:51 of 1st period - Kyle Wellwood wins face-off versus Pavel Datsyuk in Flyers zone.
2:06 of 1st period - Snap shot by Dany Heatley.
2:06 of 1st period - Shot Blocked by Mike Lundin.
2:08 of 1st period - Slapshot by Oliver Ekman-Larsson.
2:08 of 1st period - Stopped by Rick DiPietro with a rebound.
2:28 of 1st period - Slapshot by Marcus Kruger.
2:28 of 1st period - Shot Misses the Net.
2:30 of 1st period - Wrist shot by Mats Zuccarello.
2:30 of 1st period - Stopped by Rick DiPietro with a rebound.
2:32 of 1st period - Snap shot by Oliver Ekman-Larsson.
2:32 of 1st period - Stopped by Rick DiPietro with a rebound.
2:36 of 1st period - Wrist shot by Drew Miller.
2:36 of 1st period - Shot Blocked by François Beauchemin.
2:45 of 1st period - Off-side.
2:46 of 1st period - Peter Mueller wins face-off versus Jeff Carter in neutral zone.
3:14 of 1st period - Slapshot by Drew Miller.
3:14 of 1st period - Stopped by Rick DiPietro with a rebound.
3:16 of 1st period - Slapshot by Jeff Woywitka.
3:16 of 1st period - Deflect By Marcus Kruger.
3:16 of 1st period - Flyers goal is going for a video replay.
3:16 of 1st period - The goal is refused. The net was displaced accidentally..
3:17 of 1st period - Marcus Kruger wins face-off versus Martin Havlat in Blue Jackets zone.
3:18 of 1st period - Wrist shot by Drew Miller.
3:18 of 1st period - Stopped by Rick DiPietro without a rebound.
3:19 of 1st period - Pavel Datsyuk wins face-off versus Jeff Carter in Blue Jackets zone.
3:19 of 1st period - Pavel Datsyuk is hit by Jeff Carter.
3:35 of 1st period - Slapshot by David Booth.
3:35 of 1st period - Stopped by Steve Mason without a rebound.
3:36 of 1st period - Kyle Wellwood wins face-off versus Jan Bulis in Flyers zone.
4:03 of 1st period - Jeff Woywitka is hit by Martin Havlat.
4:35 of 1st period - Wrist shot by Peter Mueller.
4:35 of 1st period - Shot Misses the Net.
5:10 of 1st period - Wrist shot by Dany Heatley.
5:10 of 1st period - Stopped by Rick DiPietro with a rebound.
5:12 of 1st period - Slapshot by Nathan Paetsch.
5:12 of 1st period - Stopped by Rick DiPietro without a rebound.
5:13 of 1st period - Jeff Carter wins face-off versus Jan Bulis in Blue Jackets zone.
6:32 of 1st period - Wayne Simmonds is hit by Torey Krug and loses puck.
6:39 of 1st period - David Booth is hit by Wayne Simmonds and loses puck.
8:22 of 1st period - Wrist shot by Jakub Voracek.
8:22 of 1st period - Stopped by Rick DiPietro without a rebound.
8:23 of 1st period - Kyle Wellwood wins face-off versus Pavel Datsyuk in Blue Jackets zone.
8:32 of 1st period - Snap shot by Dany Heatley.
8:32 of 1st period - Shot Misses the Net.
8:34 of 1st period - Wrist shot by Dany Heatley.
8:34 of 1st period - Stopped by Rick DiPietro with a rebound.
8:36 of 1st period - Wrist shot by Dany Heatley.
8:36 of 1st period - Stopped by Rick DiPietro with a rebound.
8:38 of 1st period - Wrist shot by Dany Heatley.
8:38 of 1st period - Stopped by Rick DiPietro with a rebound.
8:40 of 1st period - Slapshot by Jeff Woywitka.
8:40 of 1st period - Deflect By Jakub Voracek.
8:40 of 1st period - Shot Misses the Net.
8:40 of 1st period - Puck is out of play.
8:41 of 1st period - Mike Brown wins face-off versus Jeff Carter in Blue Jackets zone.
9:15 of 1st period - Jakub Voracek is hit by Mike York.
9:27 of 1st period - Snap shot by Peter Mueller.
9:27 of 1st period - Shot Misses the Net.
9:37 of 1st period - Wrist shot by Pavel Datsyuk.
9:37 of 1st period - Stopped by Steve Mason without a rebound.
9:38 of 1st period - Pavel Datsyuk wins face-off versus Jeff Carter in Flyers zone.
9:39 of 1st period - Snap shot by David Booth.
9:39 of 1st period - Shot Misses the Net.
9:43 of 1st period - Snap shot by Pavel Datsyuk.
9:43 of 1st period - Stopped by Steve Mason without a rebound.
9:44 of 1st period - Jeff Carter wins face-off versus Pavel Datsyuk in Flyers zone.
9:53 of 1st period - Snap shot by Jeff Carter.
9:53 of 1st period - Stopped by Rick DiPietro with a rebound.
10:11 of 1st period - Mike Brown is hit by Kyle Wellwood and loses puck.
11:18 of 1st period - Backhand shot by Jeff Carter.
11:18 of 1st period - Stopped by Rick DiPietro with a rebound.
11:20 of 1st period - Snap shot by J.T. Miller.
11:20 of 1st period - Stopped by Rick DiPietro without a rebound.
11:21 of 1st period - Jeff Carter wins face-off versus Pavel Datsyuk in Blue Jackets zone.
11:24 of 1st period - Snap shot by Jeff Carter.
11:24 of 1st period - Stopped by Rick DiPietro without a rebound.
11:25 of 1st period - Jeff Carter wins face-off versus Pavel Datsyuk in Blue Jackets zone.
11:51 of 1st period - Off-side.
11:52 of 1st period - Kyle Wellwood wins face-off versus Jan Bulis in neutral zone.
13:02 of 1st period - Matt Smaby is hit by Peter Worrell and loses puck.
13:37 of 1st period - Wrist shot by Wayne Simmonds.
13:37 of 1st period - Stopped by Rick DiPietro without a rebound.
13:38 of 1st period - Jeff Carter wins face-off versus Peter Mueller in Blue Jackets zone.
14:03 of 1st period - Jonathan Ericsson is hit by François Beauchemin and loses puck.
14:48 of 1st period - Peter Worrell is hit by Matthew Lombardi and loses puck.
15:23 of 1st period - Martin Havlat is hit by Jakub Voracek and loses puck.
15:44 of 1st period - Kevin Porter is hit by Nathan Paetsch and loses puck.
18:09 of 1st period - Snap shot by Drew Miller.
18:09 of 1st period - Stopped by Rick DiPietro with a rebound.
18:19 of 1st period - Minor Penalty to Mike Brown for Interference.
18:20 of 1st period - Jeff Carter wins face-off versus David Booth in Blue Jackets zone.
19:21 of 1st period - Jeff Woywitka is hit by Torey Krug and loses puck.
Goals for this period are 0 for Flyers vs 0 for Blue Jackets.
Shots for this period are 18 for Flyers vs 4 for Blue Jackets.
2nd period
0:01 of 2nd period - Jeff Carter wins face-off versus Pavel Datsyuk in neutral zone.
0:19 of 2nd period - Penalty to Mike Brown is over, Mike Brown is back on ice.
0:41 of 2nd period - Minor Penalty to Peter Worrell for Hooking.
0:42 of 2nd period - David Booth wins face-off versus Jeff Carter in Blue Jackets zone.
0:57 of 2nd period - Jonathan Ericsson is hit by Pavel Datsyuk and loses puck.
2:41 of 2nd period - Penalty to Peter Worrell is over, Peter Worrell is back on ice.
3:10 of 2nd period - Wrist shot by Mike York.
3:10 of 2nd period - Shot Misses the Net.
3:12 of 2nd period - Snap shot by Peter Mueller.
3:12 of 2nd period - Goal by Peter Mueller - Flyers : 0 - Blue Jackets : 1.
3:13 of 2nd period - Kyle Wellwood wins face-off versus Jan Bulis in neutral zone.
3:16 of 2nd period - Wrist shot by Dany Heatley.
3:16 of 2nd period - Shot Misses the Net.
4:00 of 2nd period - Wrist shot by Andreas Nodl.
4:00 of 2nd period - Shot Misses the Net.
4:33 of 2nd period - Icing by Rostislav Olesz.
4:34 of 2nd period - Martin Havlat wins face-off versus Matthew Lombardi in Flyers zone.
4:41 of 2nd period - Slapshot by Martin Havlat.
4:41 of 2nd period - Deflect By Oliver Ekman-Larsson.
4:41 of 2nd period - Stopped by Steve Mason without a rebound.
4:42 of 2nd period - Pavel Datsyuk wins face-off versus Wayne Simmonds in Flyers zone.
4:43 of 2nd period - Snap shot by Martin Havlat.
4:43 of 2nd period - Stopped by Steve Mason with a rebound.
4:45 of 2nd period - Wrist shot by Martin Havlat.
4:45 of 2nd period - Goal by Martin Havlat - Flyers : 0 - Blue Jackets : 2.
4:46 of 2nd period - Jeff Carter wins face-off versus Pavel Datsyuk in neutral zone.
4:48 of 2nd period - Minor Penalty to Wayne Simmonds for Cross-checking.
4:49 of 2nd period - Pavel Datsyuk wins face-off versus Matthew Lombardi in Flyers zone.
5:33 of 2nd period - Snap shot by J.T. Miller.
5:33 of 2nd period - Deflect By Mike Lundin.
5:33 of 2nd period - Stopped by Rick DiPietro with a rebound.
6:40 of 2nd period - Dany Heatley is hit by François Beauchemin.
6:48 of 2nd period - Penalty to Wayne Simmonds is over, Wayne Simmonds is back on ice.
7:39 of 2nd period - Icing by A.J Thelen.
7:40 of 2nd period - Kevin Porter wins face-off versus Matthew Lombardi in Blue Jackets zone.
7:44 of 2nd period - Minor Penalty to Matthew Lombardi for Hooking.
7:45 of 2nd period - Martin Havlat wins face-off versus Marcus Kruger in Flyers zone.
7:45 of 2nd period - Wrist shot by Pavel Datsyuk.
7:45 of 2nd period - Shot Misses the Net.
7:47 of 2nd period - Snap shot by Martin Havlat.
7:47 of 2nd period - Goal by Martin Havlat - Flyers : 0 - Blue Jackets : 3.
7:48 of 2nd period - Pavel Datsyuk wins face-off versus Jeff Carter in neutral zone.
8:03 of 2nd period - Slapshot by Mike Lundin.
8:03 of 2nd period - Goal by Mike Lundin - Flyers : 0 - Blue Jackets : 4.
8:03 of 2nd period - Cory Schneider enters game.
8:04 of 2nd period - Jeff Carter wins face-off versus Pavel Datsyuk in neutral zone.
8:13 of 2nd period - Snap shot by Martin Havlat.
8:13 of 2nd period - Shot Blocked by Jeff Carter.
8:15 of 2nd period - Wrist shot by Martin Havlat.
8:15 of 2nd period - Stopped by Cory Schneider without a rebound.
8:16 of 2nd period - Jeff Carter wins face-off versus Pavel Datsyuk in Flyers zone.
9:25 of 2nd period - Jeff Woywitka is hit by David Booth and loses puck.
9:32 of 2nd period - Snap shot by Kevin Porter.
9:32 of 2nd period - Shot Misses the Net.
9:58 of 2nd period - Snap shot by Kyle Wellwood.
9:58 of 2nd period - Shot Blocked by Tim Ramholt.
10:00 of 2nd period - Slapshot by Jonathan Ericsson.
10:00 of 2nd period - Shot Blocked by Tim Ramholt.
10:08 of 2nd period - Snap shot by Kyle Wellwood.
10:08 of 2nd period - Stopped by Rick DiPietro with a rebound.
10:10 of 2nd period - Wrist shot by Dany Heatley.
10:10 of 2nd period - Shot Misses the Net.
10:12 of 2nd period - Snap shot by Dany Heatley.
10:12 of 2nd period - Deflect By Kyle Wellwood.
10:12 of 2nd period - Stopped by Rick DiPietro with a rebound.
10:24 of 2nd period - Backhand shot by Kyle Wellwood.
10:24 of 2nd period - Shot Misses the Net.
10:44 of 2nd period - Wrist shot by Kyle Wellwood.
10:44 of 2nd period - Goal by Kyle Wellwood - Flyers : 1 - Blue Jackets : 4.
10:45 of 2nd period - Jan Bulis wins face-off versus Jeff Carter in neutral zone.
10:48 of 2nd period - Slapshot by Mike Lundin.
10:48 of 2nd period - Shot Misses the Net.
10:51 of 2nd period - Icing by Jeff Carter.
10:52 of 2nd period - Jeff Carter wins face-off versus Jan Bulis in Flyers zone.
11:27 of 2nd period - Snap shot by Mike York.
11:27 of 2nd period - Shot Blocked by Drew Miller.
11:45 of 2nd period - Slapshot by Martin Havlat.
11:45 of 2nd period - Stopped by Cory Schneider without a rebound.
11:46 of 2nd period - Jan Bulis wins face-off versus Matthew Lombardi in Flyers zone.
11:51 of 2nd period - Snap shot by Peter Worrell.
11:51 of 2nd period - Stopped by Cory Schneider without a rebound.
11:52 of 2nd period - Jan Bulis wins face-off versus Jeff Carter in Flyers zone.
12:03 of 2nd period - Slapshot by Matt Smaby.
12:03 of 2nd period - Stopped by Rick DiPietro without a rebound.
12:04 of 2nd period - Pavel Datsyuk wins face-off versus Jeff Carter in Blue Jackets zone.
12:11 of 2nd period - Jeff Woywitka is hit by David Booth.
12:34 of 2nd period - Slapshot by Jakub Voracek.
12:34 of 2nd period - Stopped by Rick DiPietro without a rebound.
12:35 of 2nd period - Kyle Wellwood wins face-off versus Jan Bulis in Blue Jackets zone.
12:40 of 2nd period - Snap shot by Jakub Voracek.
12:40 of 2nd period - Shot Misses the Net.
12:42 of 2nd period - Wrist shot by Dany Heatley.
12:42 of 2nd period - Stopped by Rick DiPietro without a rebound.
12:43 of 2nd period - Pavel Datsyuk wins face-off versus Jeff Carter in Blue Jackets zone.
12:48 of 2nd period - Jeff Carter is hit by David Booth and loses puck.
13:08 of 2nd period - Off-side.
13:09 of 2nd period - Jan Bulis wins face-off versus Marcus Kruger in neutral zone.
14:23 of 2nd period - Wrist shot by Matthew Lombardi.
14:23 of 2nd period - Shot Misses the Net.
14:25 of 2nd period - Wrist shot by Rostislav Olesz.
14:25 of 2nd period - Stopped by Rick DiPietro without a rebound.
14:26 of 2nd period - Pavel Datsyuk wins face-off versus Kyle Wellwood in Blue Jackets zone.
14:26 of 2nd period - Pavel Datsyuk is hit by Oliver Ekman-Larsson.
14:29 of 2nd period - Minor Penalty to Martin Havlat for Roughing.
14:30 of 2nd period - Jeff Carter wins face-off versus David Booth in Blue Jackets zone.
14:30 of 2nd period - Wrist shot by Wayne Simmonds.
14:30 of 2nd period - Shot Misses the Net.
14:42 of 2nd period - Snap shot by J.T. Miller.
14:42 of 2nd period - Goal by J.T. Miller - Flyers : 2 - Blue Jackets : 4.
14:43 of 2nd period - Pavel Datsyuk wins face-off versus Jeff Carter in neutral zone.
15:18 of 2nd period - Wrist shot by Mike Brown.
15:18 of 2nd period - Stopped by Cory Schneider with a rebound.
15:32 of 2nd period - Snap shot by Kyle Wellwood.
15:32 of 2nd period - Stopped by Rick DiPietro with a rebound.
15:34 of 2nd period - Wrist shot by Mats Zuccarello.
15:34 of 2nd period - Shot Misses the Net.
15:44 of 2nd period - Snap shot by Mats Zuccarello.
15:44 of 2nd period - Stopped by Rick DiPietro without a rebound.
15:45 of 2nd period - Pavel Datsyuk wins face-off versus J.T. Miller in Blue Jackets zone.
15:47 of 2nd period - Minor Penalty to Pavel Datsyuk for Tripping.
15:48 of 2nd period - David Booth wins face-off versus Wayne Simmonds in Blue Jackets zone.
15:48 of 2nd period - David Booth is hit by Jonathan Ericsson.
16:02 of 2nd period - Slapshot by Jeff Woywitka.
16:02 of 2nd period - Stopped by Rick DiPietro without a rebound.
16:03 of 2nd period - Jeff Carter wins face-off versus David Booth in Blue Jackets zone.
16:28 of 2nd period - Jakub Voracek is hit by Ryan O'Byrne and loses puck.
16:35 of 2nd period - Jeff Taffe is hit by Kyle Wellwood and loses puck.
16:56 of 2nd period - Torey Krug is hit by Stephane Robidas and loses puck.
17:11 of 2nd period - Snap shot by Mike York.
17:11 of 2nd period - Shot Misses the Net.
17:47 of 2nd period - Penalty to Pavel Datsyuk is over, Pavel Datsyuk is back on ice.
18:05 of 2nd period - Snap shot by Mike Brown.
18:05 of 2nd period - Shot Blocked by Drew Miller.
19:38 of 2nd period - Snap shot by Peter Worrell.
19:38 of 2nd period - Stopped by Cory Schneider with a rebound.
19:40 of 2nd period - Snap shot by Ryan O'Byrne.
19:40 of 2nd period - Stopped by Cory Schneider without a rebound.
19:41 of 2nd period - Kyle Wellwood wins face-off versus Jan Bulis in Flyers zone.
19:56 of 2nd period - Wrist shot by Dany Heatley.
19:56 of 2nd period - Goal by Dany Heatley - Flyers : 3 - Blue Jackets : 4.
19:57 of 2nd period - Jeff Carter wins face-off versus Pavel Datsyuk in neutral zone.
Goals for this period are 3 for Flyers vs 4 for Blue Jackets.
Shots for this period are 13 for Flyers vs 12 for Blue Jackets.
3rd period
0:01 of 3rd period - Pavel Datsyuk wins face-off versus Jeff Carter in neutral zone.
0:03 of 3rd period - Minor Penalty to Mike Lundin for Tripping.
0:04 of 3rd period - Jeff Carter wins face-off versus David Booth in Blue Jackets zone.
0:13 of 3rd period - Minor Penalty to David Booth for High sticking.
0:14 of 3rd period - Peter Mueller wins face-off versus Jeff Carter in Blue Jackets zone.
0:26 of 3rd period - Snap shot by J.T. Miller.
0:26 of 3rd period - Stopped by Rick DiPietro with a rebound.
0:28 of 3rd period - Wrist shot by Jonathan Ericsson.
0:28 of 3rd period - Shot Blocked by Mike Commodore.
0:30 of 3rd period - Wrist shot by J.T. Miller.
0:30 of 3rd period - Deflect By Jeff Carter.
0:30 of 3rd period - Shot Misses the Net.
0:30 of 3rd period - Puck is out of play.
0:31 of 3rd period - Peter Mueller wins face-off versus Kyle Wellwood in Blue Jackets zone.
0:31 of 3rd period - Peter Mueller is hit by Jonathan Ericsson.
1:05 of 3rd period - François Beauchemin is hit by J.T. Miller and loses puck.
2:03 of 3rd period - Penalty to Mike Lundin is over, Mike Lundin is back on ice.
2:13 of 3rd period - Penalty to David Booth is over, David Booth is back on ice.
2:21 of 3rd period - Snap shot by Rostislav Olesz.
2:21 of 3rd period - Shot Misses the Net.
2:23 of 3rd period - Wrist shot by Alexei Morozov.
2:23 of 3rd period - Stopped by Rick DiPietro with a rebound.
2:25 of 3rd period - Snap shot by Jonathan Ericsson.
2:25 of 3rd period - Stopped by Rick DiPietro with a rebound.
2:27 of 3rd period - Wrist shot by Matthew Lombardi.
2:27 of 3rd period - Shot Blocked by David Booth.
2:29 of 3rd period - Slapshot by Jonathan Ericsson.
2:29 of 3rd period - Shot Blocked by Mike Commodore.
2:45 of 3rd period - Snap shot by Mike York.
2:45 of 3rd period - Shot Misses the Net.
3:21 of 3rd period - Snap shot by Marcus Kruger.
3:21 of 3rd period - Stopped by Rick DiPietro with a rebound.
3:23 of 3rd period - Slapshot by Nathan Paetsch.
3:23 of 3rd period - Stopped by Rick DiPietro without a rebound.
3:24 of 3rd period - Kyle Wellwood wins face-off versus Peter Mueller in Blue Jackets zone.
3:39 of 3rd period - Snap shot by Jakub Voracek.
3:39 of 3rd period - Stopped by Rick DiPietro without a rebound.
3:40 of 3rd period - Jeff Carter wins face-off versus David Booth in Blue Jackets zone.
3:46 of 3rd period - Snap shot by Wayne Simmonds.
3:46 of 3rd period - Shot Blocked by David Booth.
4:16 of 3rd period - Snap shot by Mike York.
4:16 of 3rd period - Shot Misses the Net.
4:26 of 3rd period - Snap shot by Jonathan Ericsson.
4:26 of 3rd period - Stopped by Rick DiPietro without a rebound.
4:27 of 3rd period - Jan Bulis wins face-off versus Marcus Kruger in Blue Jackets zone.
4:27 of 3rd period - Jan Bulis is hit by Matt Smaby.
4:55 of 3rd period - Wrist shot by Jeff Carter.
4:55 of 3rd period - Stopped by Rick DiPietro with a rebound.
5:49 of 3rd period - Icing by Rostislav Olesz.
5:50 of 3rd period - Matthew Lombardi wins face-off versus Jan Bulis in Flyers zone.
6:03 of 3rd period - Slapshot by Stephane Robidas.
6:03 of 3rd period - Shot Blocked by Mike Brown.
6:17 of 3rd period - Snap shot by Jeff Carter.
6:17 of 3rd period - Shot Misses the Net.
7:27 of 3rd period - Snap shot by Pavel Datsyuk.
7:27 of 3rd period - Shot Blocked by Jonathan Ericsson.
7:29 of 3rd period - Slapshot by Mike Commodore.
7:29 of 3rd period - Deflect By Jonathan Ericsson.
7:29 of 3rd period - Stopped by Cory Schneider with a rebound.
7:32 of 3rd period - Icing by Jeff Woywitka.
7:33 of 3rd period - Jeff Carter wins face-off versus Peter Mueller in Flyers zone.
8:19 of 3rd period - Slapshot by Wayne Simmonds.
8:19 of 3rd period - Stopped by Rick DiPietro without a rebound.
8:20 of 3rd period - Kyle Wellwood wins face-off versus Jan Bulis in Blue Jackets zone.
8:34 of 3rd period - Snap shot by Dany Heatley.
8:34 of 3rd period - Stopped by Rick DiPietro without a rebound.
8:35 of 3rd period - Pavel Datsyuk wins face-off versus Marcus Kruger in Blue Jackets zone.
8:35 of 3rd period - Pavel Datsyuk is hit by Drew Miller.
8:47 of 3rd period - Slapshot by Torey Krug.
8:47 of 3rd period - Deflect By Jonathan Ericsson.
8:47 of 3rd period - Stopped by Cory Schneider without a rebound.
8:48 of 3rd period - J.T. Miller wins face-off versus Pavel Datsyuk in Flyers zone.
9:15 of 3rd period - Mike Lundin is hit by Mats Zuccarello and loses puck.
9:40 of 3rd period - Snap shot by Peter Mueller.
9:40 of 3rd period - Shot Misses the Net.
9:42 of 3rd period - Snap shot by Mike Lundin.
9:42 of 3rd period - Stopped by Cory Schneider with a rebound.
9:44 of 3rd period - Wrist shot by Mike York.
9:44 of 3rd period - Shot Blocked by Oliver Ekman-Larsson.
9:46 of 3rd period - Snap shot by Mike York.
9:46 of 3rd period - Stopped by Cory Schneider without a rebound.
9:47 of 3rd period - Jeff Carter wins face-off versus Pavel Datsyuk in Flyers zone.
10:13 of 3rd period - Dany Heatley is hit by Jan Bulis and loses puck.
11:22 of 3rd period - J.T. Miller is hit by David Booth and loses puck.
11:37 of 3rd period - Wrist shot by Dany Heatley.
11:37 of 3rd period - Shot Misses the Net.
11:39 of 3rd period - Snap shot by Jakub Voracek.
11:39 of 3rd period - Goal by Jakub Voracek - Flyers : 4 - Blue Jackets : 4.
11:40 of 3rd period - Pavel Datsyuk wins face-off versus Jeff Carter in neutral zone.
11:55 of 3rd period - Snap shot by Jeff Carter.
11:55 of 3rd period - Shot Misses the Net.
12:05 of 3rd period - Mike Lundin is hit by Jeff Woywitka and loses puck.
12:25 of 3rd period - Icing by Drew Miller.
12:26 of 3rd period - Peter Mueller wins face-off versus Marcus Kruger in Flyers zone.
13:18 of 3rd period - Slapshot by Mike Brown.
13:18 of 3rd period - Shot Blocked by Nathan Paetsch.
13:20 of 3rd period - Wrist shot by Mike Brown.
13:20 of 3rd period - Blue Jackets goal is going for a video replay.
13:20 of 3rd period - The goal is refused. The goalkeeper has been pushed into the net together with the puck after making a save..
13:21 of 3rd period - Kyle Wellwood wins face-off versus Jan Bulis in Flyers zone.
13:21 of 3rd period - Kyle Wellwood is hit by Jan Bulis.
13:38 of 3rd period - Minor Penalty to Mike Brown for Boarding.
13:39 of 3rd period - J.T. Miller wins face-off versus David Booth in Blue Jackets zone.
13:51 of 3rd period - Backhand shot by Wayne Simmonds.
13:51 of 3rd period - Stopped by Rick DiPietro with a rebound.
13:53 of 3rd period - Slapshot by Jeff Woywitka.
13:53 of 3rd period - Deflect By David Booth.
13:53 of 3rd period - Stopped by Rick DiPietro with a rebound.
13:55 of 3rd period - Wrist shot by Jeff Carter.
13:55 of 3rd period - Goal by Jeff Carter - Flyers : 5 - Blue Jackets : 4.
13:56 of 3rd period - Jeff Carter wins face-off versus Pavel Datsyuk in neutral zone.
14:01 of 3rd period - Mike Lundin is hit by Jeff Carter and loses puck.
14:25 of 3rd period - Off-side.
14:26 of 3rd period - Kyle Wellwood wins face-off versus Peter Mueller in neutral zone.
14:44 of 3rd period - Off-side.
14:45 of 3rd period - Pavel Datsyuk wins face-off versus J.T. Miller in neutral zone.
14:56 of 3rd period - Snap shot by Jeff Carter.
14:56 of 3rd period - Stopped by Rick DiPietro without a rebound.
14:57 of 3rd period - Wayne Simmonds wins face-off versus Pavel Datsyuk in Blue Jackets zone.
15:00 of 3rd period - Snap shot by J.T. Miller.
15:00 of 3rd period - Goal by J.T. Miller - Flyers : 6 - Blue Jackets : 4.
15:01 of 3rd period - Jeff Carter wins face-off versus Martin Havlat in neutral zone.
15:04 of 3rd period - Pavel Datsyuk is hit by Jeff Carter and loses puck.
15:05 of 3rd period - Pavel Datsyuk from Blue Jackets is injured at 15:05 of 3rd period (Strained Left Knee).
15:06 of 3rd period - Mike York wins face-off versus Jeff Carter in Blue Jackets zone.
15:15 of 3rd period - Snap shot by Martin Havlat.
15:15 of 3rd period - Shot Misses the Net.
15:17 of 3rd period - Slapshot by Mike Lundin.
15:17 of 3rd period - Stopped by Cory Schneider with a rebound.
15:19 of 3rd period - Slapshot by Mike Lundin.
15:19 of 3rd period - Stopped by Cory Schneider with a rebound.
15:21 of 3rd period - Slapshot by Ryan O'Byrne.
15:21 of 3rd period - Stopped by Cory Schneider with a rebound.
15:23 of 3rd period - Backhand shot by Mike Lundin.
15:23 of 3rd period - Shot Blocked by J.T. Miller.
15:43 of 3rd period - Minor Penalty to Marcus Kruger for Tripping.
15:44 of 3rd period - Mike York wins face-off versus Matthew Lombardi in Flyers zone.
17:43 of 3rd period - Penalty to Marcus Kruger is over, Marcus Kruger is back on ice.
18:27 of 3rd period - Mike York is hit by Oliver Ekman-Larsson and loses puck.
18:40 of 3rd period - Mike Commodore is hit by J.T. Miller and loses puck.
19:03 of 3rd period - Wayne Simmonds is hit by Mike York and loses puck.
19:30 of 3rd period - Minor Penalty to Jonathan Ericsson for Interference.
19:31 of 3rd period - Mike York wins face-off versus Matthew Lombardi in Flyers zone.
19:56 of 3rd period - Wrist shot by Mike Brown.
19:56 of 3rd period - Deflect By Rostislav Olesz.
19:56 of 3rd period - Shot Blocked by Oliver Ekman-Larsson.
19:56 of 3rd period - Puck is out of play.
19:57 of 3rd period - Matthew Lombardi wins face-off versus David Booth in Flyers zone.
19:57 of 3rd period - Matthew Lombardi is hit by Martin Havlat.
Goals for this period are 3 for Flyers vs 0 for Blue Jackets.
Shots for this period are 16 for Flyers vs 8 for Blue Jackets.
Back to the Top